Map: 사이버 포레스트 - 래더

Players

goblin - Winner!

  • Race: Protoss Protoss
  • Spawn Location: 11:00

herO

  • Race: Protoss Protoss
  • Spawn Location: 5:00

Event: IEM Season 13: Katowice (2019)

VOD

Have the link to the VOD?

Description

Time

  • Played on: Feb. 25, 2019, 11:01 a.m.
  • Length: 6:51

All games in this series

Show
View Real Time Build Order
Export as new Build Order

goblin Protoss - Winner!

Build Orders: Phoenix Opening 

Get SALT Encoding   

  12  0:00  Probe  
  13  0:12  Probe  
  14  0:18  Pylon  
  14  0:23  Probe  
  15  0:32  Probe  
  15  0:37  Gateway  
  15  0:40  Probe  
  16  0:46  Assimilator  
  17  0:50  Probe  
  18  0:59  Probe  
  19  1:07  Probe  
  19  1:08  Assimilator  
  20  1:12  Gateway  
  20  1:18  Probe  
  20  1:24  Cybernetics Core  
  21  1:31  Probe  
  22  1:36  Pylon  
  22  1:43  Probe  
  23  1:56  Pylon  
  24  2:03  Stalker  
  24  2:05  Stalker  
  24  2:06  Warp Gate  
  27  2:23  Stargate  
  27  2:27  Probe  
  28  2:38  Stalker  
  28  2:41  Stalker  
  32  3:01  Phoenix  
  34  3:18  Nexus  
  34  3:25  Phoenix  
  34  3:26  Probe  
  37  3:38  Probe  
  36  3:41  Phoenix  
  36  3:47  Shield Battery  
  36  3:53  Pylon  
  38  3:56  Probe  
  39  4:17  Phoenix  
  41  4:28  Robotics Facility  
  41  4:42  Probe x2  
  43  4:53  Adept x2  
  43  4:57  Probe x2  
  49  5:06  Probe x2, Phoenix  
  51  5:11  Observer  
  53  5:14  Probe x2  
  56  5:23  Probe x2  
  56  5:26  Pylon  
  58  5:35  Probe x2  
  60  5:36  Immortal  
  59  5:47  Probe  
  59  5:48  Probe  
  61  5:59  Probe  
  61  6:00  Probe  
  61  6:02  Forge, Gateway  
  61  6:06  Pylon  
  61  6:07  Sentry  
  61  6:08  Immortal, Sentry  
  69  6:31  Probe x2  
  71  6:33  Assimilator x2  
  71  6:41  Gateway  
Show
View Real Time Build Order
Export as new Build Order

herO Protoss 

Build Orders: Oracle Opening 

Get SALT Encoding   

  12  0:00  Probe  
  13  0:12  Probe  
  14  0:17  Pylon  
  14  0:23  Probe  
  15  0:31  Probe  
  16  0:36  Gateway  
  16  0:39  Probe  
  16  0:45  Assimilator  
  17  0:51  Probe  
  17  0:55  Assimilator  
  18  1:00  Probe  
  19  1:08  Gateway, Probe  
  19  1:17  Probe  
  20  1:24  Cybernetics Core  
  21  1:29  Probe  
  22  1:35  Pylon  
  22  1:41  Probe  
  24  2:01  Stargate  
  24  2:02  Warp Gate  
  23  2:10  Adept x2  
  27  2:19  Pylon  
  27  2:35  Oracle  
  26  2:38  Probe  
  26  2:42  Zealot  
  31  2:48  Stalker  
  34  2:51  Shield Battery  
  34  3:02  Pylon  
  34  3:07  Oracle  
  37  3:23  Gateway  
  37  3:24  Zealot  
  37  3:25  Stalker  
  41  3:32  Pylon  
  38  3:50  Nexus  
  38  4:06  Stalker x2  
  41  4:10  Probe  
  39  4:22  Twilight Council  
  35  4:26  Probe  
  36  4:38  Probe  
  37  4:50  Probe  
  37  4:51  Stalker x2  
  42  5:00  Probe  
  42  5:02  Probe  
  42  5:05  Pylon  
  44  5:08  Probe  
  44  5:10  Probe  
  45  5:18  Probe x2  
  47  5:22  Stalker x2  
  50  5:29  Probe  
  50  5:30  Probe  
  50  5:39  Dark Shrine  
  50  5:41  Robotics Facility  
  48  5:44  Probe x2  
  42  5:58  Probe  
  42  5:59  Probe  
  44  6:04  Adept  
  44  6:05  Adept  
  44  6:08  Probe x2  
  49  6:16  Probe x2  
  50  6:25  Probe x2  
  52  6:37  Probe x2  

Tags
 
Add a new tag
Caveats
  • Supply blocks, unpowered buildings, or Contaminate may cause inaccurate times.
  • Supply counts are checked every 10 seconds.